General information
- name: BNet
- type: Ladder team game (AT/RT)
- host: Battle.net
- saver: FARMER_BOB
map: Cherryville
- players: 8
- length: 48:31
- speed: Fast
- version: 1.26 W3XP
- replay type: Public
» download(258 KB)
Players
team 1 (winner)
dogbrags (
green | 34 APM | 1174 actions | 34:34)
6 Tauren Chieftain
2 War Stomp
3 Endurance Aura
1 Reincarnation
» actions
| Assign group hotkey | 73 | |
| Basic commands | 132 | |
| Build / train | 106 | |
| ESC pressed | 2 | |
| Enter build submenu | 20 | |
| Enter hero's abilities submenu | 6 | |
| Right click | 298 | |
| Select / deselect | 275 | |
| Select group hotkey | 220 | |
| Use ability | 42 | |
1174 total
» units
| Peon | 23 | |
| Grunt | 10 | |
| Tauren | 51 | |
| Shaman | 6 | |
90 total
» upgrades
| Armor | 2 | |
| Melee Weapons | 2 | |
| Shaman Training | 2 | |
6 total
» buildings
| Altar of Storms | 2 | |
| Orc Burrow | 8 | |
| Barracks | 2 | |
| Great Hall | 1 | |
| War Mill | 1 | |
| Stronghold | 1 | |
| Watch Tower | 5 | |
| Fortress | 1 | |
| Spirit Lodge | 1 | |
| Tauren Totem | 3 | |
25 total
» build order
00:14 Altar of Storms
00:18 Orc Burrow
00:42 Orc Burrow
00:55 Altar of Storms
01:35 Barracks
01:57 Barracks
02:41 Orc Burrow
05:46 Great Hall
05:53 War Mill
06:25 Stronghold
07:20 Watch Tower
07:21 Watch Tower
07:22 Watch Tower
07:23 Watch Tower
07:25 Watch Tower
08:55 Fortress
09:41 Spirit Lodge
09:45 Orc Burrow
09:47 Orc Burrow
09:48 Orc Burrow
11:30 Tauren Totem
11:36 Tauren Totem
11:41 Tauren Totem
23:29 Orc Burrow
23:29 Orc Burrow
playastmorlose (
teal | 28 APM | 987 actions | 34:41)
6 Crypt Lord
3 Carrion Beetles
3 Spiked Carapace
5 Death Knight
3 Death Coil
2 Unholy Aura
3 Lich
3 Frost Nova
» actions
| Build / train | 81 | |
| Enter build submenu | 29 | |
| Enter hero's abilities submenu | 13 | |
| Give item / drop item | 3 | |
| Right click | 404 | |
| Select / deselect | 371 | |
| Use ability | 86 | |
987 total
» units
| Acolyte | 8 | |
| Ghoul | 4 | |
| Crypt Fiend | 7 | |
| Obsidian Statue | 4 | |
| Gargoyle | 10 | |
| Frost Wyrm | 7 | |
40 total
» upgrades
| Creature Attack | 2 | |
| Creature Carapace | 1 | |
| Web | 1 | |
4 total
» buildings
| Crypt | 1 | |
| Ziggurat | 13 | |
| Altar of Darkness | 1 | |
| Graveyard | 1 | |
| Nerubian Tower | 1 | |
| Halls of the Dead | 1 | |
| Necropolis | 3 | |
| Tomb of Relics | 1 | |
| Black Citadel | 1 | |
| Slaughterhouse | 1 | |
| Spirit Tower | 3 | |
| Sacrificial Pit | 1 | |
| Boneyard | 1 | |
29 total
» build order
00:15 Crypt
00:26 Ziggurat
00:38 Altar of Darkness
01:01 Graveyard
01:32 Ziggurat
02:07 Nerubian Tower
03:37 Ziggurat
04:44 Halls of the Dead
05:55 Necropolis
06:08 Tomb of Relics
07:33 Ziggurat
07:39 Ziggurat
08:47 Black Citadel
08:57 Slaughterhouse
09:31 Ziggurat
09:34 Ziggurat
09:54 Spirit Tower
10:41 Ziggurat
11:07 Ziggurat
11:11 Sacrificial Pit
13:44 Spirit Tower
14:15 Ziggurat
14:54 Ziggurat
15:52 Spirit Tower
18:29 Necropolis
20:02 Boneyard
21:31 Ziggurat
21:34 Ziggurat
24:24 Necropolis
» items
| Scroll of Town Portal | 6 | |
| Orb of Corruption | 3 | |
| Potion of Healing | 2 | |
11 total

»
FARMER_BOB (
purple | 29 APM | 1421 actions | 48:31)
1 Crypt Lord
1 Impale
» actions
| Assign group hotkey | 86 | |
| Basic commands | 141 | |
| Build / train | 48 | |
| ESC pressed | 3 | |
| Enter build submenu | 45 | |
| Enter hero's abilities submenu | 1 | |
| Right click | 523 | |
| Select / deselect | 324 | |
| Select group hotkey | 142 | |
| Use ability | 108 | |
1421 total
» units
| Wisp | 20 | |
| Hippogryph | 13 | |
| Chimaera | 2 | |
35 total
» upgrades
| Ultravision | 1 | |
| Strength of the Wild | 3 | |
| Reinforced Hides | 3 | |
| Nature's Blessing | 1 | |
| Well Spring | 1 | |
| Corrosive Breath | 1 | |
10 total
» buildings
| Moon Well | 13 | |
| Hunter's Hall | 1 | |
| Ancient Protector | 12 | |
| Tree of Ages | 1 | |
| Ancient of Wind | 3 | |
| Altar of Elders | 1 | |
| Tree of Eternity | 1 | |
| Chimaera Roost | 5 | |
| Tree of Life | 4 | |
| Orc Burrow | 1 | |
42 total
» build order
00:25 Moon Well
00:37 Moon Well
00:54 Moon Well
01:49 Hunter's Hall
02:02 Moon Well
02:19 Moon Well
02:37 Moon Well
02:57 Ancient Protector
03:07 Ancient Protector
03:23 Ancient Protector
03:49 Ancient Protector
03:56 Ancient Protector
04:30 Ancient Protector
05:00 Ancient Protector
05:05 Ancient Protector
05:14 Ancient Protector
05:27 Ancient Protector
05:50 Tree of Ages
06:08 Ancient Protector
06:17 Moon Well
06:45 Moon Well
07:02 Moon Well
07:10 Moon Well
07:16 Moon Well
07:30 Ancient Protector
07:55 Moon Well
08:03 Moon Well
08:49 Ancient of Wind
09:03 Altar of Elders
10:59 Tree of Eternity
13:24 Ancient of Wind
14:01 Ancient of Wind
20:07 Chimaera Roost
20:09 Chimaera Roost
22:11 Chimaera Roost
22:11 Chimaera Roost
22:12 Chimaera Roost
23:58 Tree of Life
28:35 Tree of Life
31:32 Tree of Life
34:52 Orc Burrow
43:30 Tree of Life
KoreaFTW (
pink | 50 APM | 2431 actions | 48:30)
8 Mountain King
3 Storm Bolt
3 Bash
1 Avatar
1 Thunder Clap
» actions
| Assign group hotkey | 32 | |
| Basic commands | 89 | |
| Build / train | 71 | |
| ESC pressed | 1 | |
| Enter build submenu | 31 | |
| Enter hero's abilities submenu | 8 | |
| Give item / drop item | 1 | |
| Remove unit from queue | 1 | |
| Right click | 1182 | |
| Select / deselect | 306 | |
| Select group hotkey | 576 | |
| Use ability | 133 | |
2431 total
» units
» upgrades
| Masonry | 3 | |
| Gunpowder | 3 | |
| Barrage | 1 | |
| Plating | 3 | |
| Flying Machine Bombs | 1 | |
11 total
» buildings
| Lumber Mill | 1 | |
| Farm | 51 | |
| Keep | 1 | |
| Blacksmith | 2 | |
| Altar of Kings | 1 | |
| Castle | 1 | |
| Workshop | 4 | |
| Arcane Vault | 1 | |
| Town Hall | 2 | |
| Scout Tower | 1 | |
65 total
» build order
01:44 Lumber Mill
02:06 Farm
02:08 Farm
02:09 Farm
02:11 Farm
02:12 Farm
02:14 Farm
02:15 Farm
02:16 Farm
02:18 Farm
02:18 Farm
02:19 Farm
02:21 Farm
03:08 Farm
03:09 Farm
03:10 Farm
03:11 Farm
03:12 Farm
03:16 Farm
03:17 Farm
03:18 Farm
03:29 Farm
03:30 Farm
03:31 Farm
03:32 Farm
03:36 Farm
04:44 Farm
04:47 Farm
04:48 Farm
04:49 Farm
04:50 Farm
04:51 Farm
05:14 Farm
05:15 Farm
05:16 Farm
05:17 Farm
05:18 Farm
05:19 Farm
05:20 Farm
05:23 Farm
05:24 Farm
05:58 Farm
05:59 Farm
06:02 Farm
06:06 Farm
06:07 Farm
06:12 Farm
06:14 Farm
06:18 Farm
06:19 Farm
06:27 Farm
07:11 Farm
07:21 Keep
08:36 Blacksmith
08:54 Blacksmith
09:21 Altar of Kings
10:08 Castle
11:12 Workshop
11:37 Workshop
13:41 Workshop
15:29 Arcane Vault
17:41 Workshop
19:29 Town Hall
23:16 Scout Tower
43:16 Town Hall
» items
| Scroll of Town Portal | 5 | |
| Orb of Fire | 1 | |
| Staff of Sanctuary | 1 | |
| Potion of Healing | 4 | |
| Scroll of Regeneration | 3 | |
| Boots of Speed | 1 | |
| Dust of Appearance | 1 | |
16 total
team 2 (loser)

»
Ugot2BkidNme (
orange | 33 APM | 1587 actions | 48:30)
7 Demon Hunter
3 Evasion
3 Mana Burn
1 Metamorphosis
6 Priestess of the Moon
3 Trueshot Aura
2 Searing Arrows
1 Starfall
6 Keeper of the Grove
3 Entangling Roots
2 Force of Nature
1 Tranquility
» actions
| Assign group hotkey | 37 | |
| Basic commands | 16 | |
| Build / train | 135 | |
| Enter build submenu | 31 | |
| Enter hero's abilities submenu | 19 | |
| Give item / drop item | 1 | |
| Right click | 795 | |
| Select / deselect | 379 | |
| Select group hotkey | 63 | |
| Use ability | 111 | |
1587 total
» units
| Wisp | 27 | |
| Archer | 25 | |
| Hippogryph | 21 | |
| Huntress | 10 | |
| Chimaera | 1 | |
84 total
» upgrades
| Improved Bows | 1 | |
| Hippogryph Taming | 1 | |
| Druid of the Talon Training | 2 | |
| Upgrade Moon Glaive | 1 | |
| Sentinel | 1 | |
| Strength of the Moon | 3 | |
| Moon Armor | 4 | |
| Marksmanship | 1 | |
| Nature's Blessing | 1 | |
| Strength of the Wild | 1 | |
| Reinforced Hides | 1 | |
| Ultravision | 1 | |
| Well Spring | 1 | |
| Druid of the Claw Training | 1 | |
| Abolish Magic | 1 | |
| Vorpal Blades | 1 | |
22 total
» buildings
| Moon Well | 17 | |
| Altar of Elders | 2 | |
| Ancient of War | 3 | |
| Tree of Ages | 2 | |
| Ancient of Wind | 4 | |
| Tree of Eternity | 2 | |
| Tree of Life | 3 | |
| Hunter's Hall | 2 | |
| Ancient of Wonders | 2 | |
| Chimaera Roost | 3 | |
| Ancient of Lore | 1 | |
41 total
» build order
00:14 Moon Well
00:26 Altar of Elders
00:34 Ancient of War
01:44 Moon Well
02:49 Moon Well
03:13 Tree of Ages
04:11 Moon Well
04:12 Moon Well
06:54 Ancient of Wind
07:00 Ancient of Wind
08:13 Tree of Eternity
09:18 Moon Well
09:26 Tree of Life
13:46 Hunter's Hall
15:10 Ancient of Wonders
19:05 Moon Well
19:13 Moon Well
27:30 Tree of Life
27:35 Moon Well
27:36 Moon Well
27:38 Moon Well
27:39 Moon Well
27:41 Moon Well
27:42 Moon Well
27:45 Moon Well
33:45 Ancient of War
33:49 Hunter's Hall
33:55 Ancient of War
33:57 Tree of Ages
35:53 Moon Well
37:03 Altar of Elders
37:07 Ancient of Wind
37:10 Ancient of Wind
37:25 Tree of Life
38:25 Tree of Eternity
44:19 Moon Well
45:15 Chimaera Roost
45:24 Chimaera Roost
45:31 Chimaera Roost
45:44 Ancient of Lore
47:17 Ancient of Wonders
» items
| Scroll of Town Portal | 2 | |
| Orb of Lightning | 1 | |
3 total

»
sIlKworm (
yellow | 54 APM | 2636 actions | 48:30)
7 Death Knight
1 Death Coil
3 Unholy Aura
2 Death Pact
1 Animate Dead
6 Lich
3 Frost Nova
2 Dark Ritual
1 Death and Decay
» actions
| Basic commands | 166 | |
| Build / train | 109 | |
| Enter build submenu | 39 | |
| Enter hero's abilities submenu | 13 | |
| Give item / drop item | 2 | |
| Right click | 802 | |
| Select / deselect | 1387 | |
| Use ability | 118 | |
2636 total
» units
| Acolyte | 11 | |
| Ghoul | 9 | |
| Gargoyle | 3 | |
| Crypt Fiend | 8 | |
| Obsidian Statue | 9 | |
| Abomination | 14 | |
54 total
» upgrades
| Creature Attack | 3 | |
| Creature Carapace | 3 | |
| Web | 1 | |
| Destroyer Form | 1 | |
| Disease Cloud | 1 | |
| Unholy Strength | 3 | |
| Unholy Armor | 3 | |
15 total
» buildings
| Ziggurat | 20 | |
| Crypt | 1 | |
| Graveyard | 1 | |
| Altar of Darkness | 1 | |
| Tomb of Relics | 2 | |
| Nerubian Tower | 3 | |
| Necropolis | 4 | |
| Halls of the Dead | 1 | |
| Black Citadel | 1 | |
| Sacrificial Pit | 1 | |
| Slaughterhouse | 3 | |
| Spirit Tower | 4 | |
42 total
» build order
00:08 Ziggurat
00:12 Crypt
00:55 Graveyard
01:05 Altar of Darkness
01:43 Ziggurat
02:12 Tomb of Relics
02:34 Nerubian Tower
04:24 Ziggurat
05:14 Ziggurat
05:17 Necropolis
05:32 Halls of the Dead
05:56 Nerubian Tower
06:19 Ziggurat
06:47 Nerubian Tower
06:50 Ziggurat
06:53 Tomb of Relics
07:59 Black Citadel
08:01 Sacrificial Pit
09:22 Ziggurat
09:28 Ziggurat
10:32 Slaughterhouse
10:34 Slaughterhouse
10:37 Slaughterhouse
20:53 Necropolis
24:33 Ziggurat
24:35 Ziggurat
24:43 Necropolis
29:27 Ziggurat
29:30 Necropolis
29:39 Ziggurat
29:43 Ziggurat
30:03 Ziggurat
30:07 Ziggurat
30:08 Ziggurat
30:11 Ziggurat
30:15 Ziggurat
30:20 Ziggurat
30:21 Spirit Tower
30:52 Spirit Tower
31:30 Spirit Tower
31:36 Ziggurat
43:38 Spirit Tower
» items
| Rod of Necromancy | 1 | |
| Sacrificial Skull | 2 | |
| Boots of Speed | 1 | |
| Potion of Healing | 3 | |
| Potion of Mana | 1 | |
| Scroll of Town Portal | 7 | |
| Staff of Teleportation | 1 | |
16 total

»
evilspitfire (
blue | 17 APM | 812 actions | 48:30)
5 Death Knight
3 Death Coil
2 Death Pact
4 Dreadlord
2 Vampiric Aura
2 Sleep
» actions
| Basic commands | 7 | |
| Build / train | 79 | |
| Enter build submenu | 31 | |
| Enter hero's abilities submenu | 9 | |
| Right click | 409 | |
| Select / deselect | 232 | |
| Use ability | 45 | |
812 total
» units
| Acolyte | 15 | |
| Ghoul | 5 | |
| Goblin Shredder | 1 | |
| Frost Wyrm | 12 | |
| Crypt Fiend | 24 | |
57 total
» upgrades
| Creature Attack | 3 | |
| Creature Carapace | 3 | |
| Freezing Breath | 1 | |
| Web | 1 | |
8 total
» buildings
| Halls of the Dead | 1 | |
| Altar of Darkness | 1 | |
| Ziggurat | 14 | |
| Crypt | 1 | |
| Graveyard | 1 | |
| Black Citadel | 1 | |
| Sacrificial Pit | 1 | |
| Boneyard | 3 | |
23 total
» build order
01:14 Halls of the Dead
01:49 Altar of Darkness
02:23 Ziggurat
03:15 Crypt
03:46 Graveyard
03:54 Ziggurat
05:27 Black Citadel
05:33 Sacrificial Pit
06:08 Ziggurat
06:11 Ziggurat
06:57 Ziggurat
06:59 Ziggurat
07:22 Ziggurat
07:29 Ziggurat
08:01 Boneyard
08:05 Boneyard
08:11 Boneyard
37:18 Ziggurat
37:21 Ziggurat
37:24 Ziggurat
37:27 Ziggurat
38:22 Ziggurat
38:25 Ziggurat
» items
StayFrossty (
red | 34 APM | 1637 actions | 48:30)
7 Blademaster
3 Wind Walk
3 Critical Strike
1 Bladestorm
5 Firelord
3 Summon Lava Spawn
2 Soul Burn
» actions
| Basic commands | 1 | |
| Build / train | 102 | |
| Enter build submenu | 41 | |
| Enter hero's abilities submenu | 12 | |
| Give item / drop item | 6 | |
| Right click | 872 | |
| Select / deselect | 456 | |
| Use ability | 147 | |
1637 total
» units
| Peon | 11 | |
| Grunt | 8 | |
| Wind Rider | 16 | |
| Tauren | 14 | |
| Shaman | 2 | |
51 total
» upgrades
| Berserker Strength | 1 | |
| Armor | 3 | |
| Reinforced Defenses | 1 | |
| Envenomed Spears | 1 | |
| Ranged Weapons | 1 | |
| Shaman Training | 2 | |
| Melee Weapons | 3 | |
12 total
» buildings
| Orc Burrow | 13 | |
| Altar of Storms | 2 | |
| Barracks | 1 | |
| Voodoo Lounge | 1 | |
| War Mill | 3 | |
| Stronghold | 2 | |
| Great Hall | 3 | |
| Watch Tower | 10 | |
| Fortress | 2 | |
| Beastiary | 3 | |
| Tauren Totem | 2 | |
| Spirit Lodge | 1 | |
43 total
» build order
00:08 Orc Burrow
00:16 Altar of Storms
00:50 Barracks
01:41 Voodoo Lounge
01:52 Orc Burrow
02:57 Orc Burrow
03:38 War Mill
04:02 Stronghold
05:35 Great Hall
07:12 Watch Tower
07:16 Watch Tower
08:16 Watch Tower
08:22 Watch Tower
08:48 Fortress
08:51 Beastiary
09:01 Beastiary
11:08 Great Hall
11:10 Watch Tower
13:34 Watch Tower
13:37 Watch Tower
13:39 Watch Tower
14:54 Watch Tower
15:27 Orc Burrow
15:31 Orc Burrow
18:46 Tauren Totem
18:49 Spirit Lodge
19:59 Tauren Totem
23:02 Orc Burrow
24:36 Watch Tower
32:16 Stronghold
33:37 War Mill
34:12 Orc Burrow
34:16 Orc Burrow
34:18 Orc Burrow
35:29 War Mill
37:38 Altar of Storms
37:52 Orc Burrow
39:02 Fortress
45:04 Beastiary
46:57 Great Hall
47:16 Orc Burrow
47:19 Orc Burrow
47:25 Orc Burrow
» items
| Healing Salve | 6 | |
| Orb of Lightning | 2 | |
| Potion of Healing | 7 | |
| Scroll of Town Portal | 4 | |
| Potion of Mana | 2 | |
21 total
Chat log
(00:03 / Allies) FARMER_BOB: whoops
(00:06 / Allies) FARMER_BOB: forgot to pick human
(00:07 / Allies) FARMER_BOB: oh well
(00:14 / Allies) FARMER_BOB: we still fucking around or playing legit?
(00:17 / Allies) KoreaFTW: fucking tard
(00:20 / Allies) KoreaFTW: fucking around
(00:27 / Allies) FARMER_BOB: hmm ok
(00:29 / Allies) FARMER_BOB: massing moonwells
(00:31 / Allies) KoreaFTW: get creative
(00:50 / Allies) FARMER_BOB: yeah I'll start with a moonwell swastica
(00:57 / Allies) KoreaFTW: sounds good
(01:07 / Allies) KoreaFTW: ur on edge tho
(01:09 / Allies) KoreaFTW: be careful
(01:13 / Allies) FARMER_BOB: btw why did you call to stop when you didnt stop queueing yourself, lol
(01:14 / Allies) KoreaFTW: make an ancient protector swastica
(01:18 / Allies) KoreaFTW: i did
(01:18 / Allies) FARMER_BOB: 'k
(01:21 / Allies) KoreaFTW: but i did it just barely too late
(01:25 / Allies) FARMER_BOB: Ahh ok
(02:31 / Allies) FARMER_BOB: gotta love teams who don't say a word all game, eh
(02:41 / Allies) KoreaFTW: they're probly busy microing
(02:42 / Allies) dogbrags: ok
(02:45 / Allies) KoreaFTW: their 20 APM
(02:45 / Allies) FARMER_BOB: hah true
(02:49 / Allies) dogbrags: grunts tauren shamen
(02:54 / Allies) KoreaFTW: shaman*
(03:11 / Allies) FARMER_BOB: shamin*
(03:11 / Allies) dogbrags: shamans
(03:14 / Allies) dogbrags: whatever
(03:43 / Allies) FARMER_BOB: annoying part of ancient protector swastica is i have to keep making wisps
(04:05 / Allies) KoreaFTW: want me to make panzers?
(04:11 / Allies) FARMER_BOB: panzers?
(04:14 / Allies) KoreaFTW: after i spell "fuck"
(04:19 / Allies) KoreaFTW: yea
(04:20 / Allies) KoreaFTW: tanks
(04:24 / Allies) FARMER_BOB: oh sure whatever
(04:31 / Allies) KoreaFTW: you know
(04:35 / Allies) KoreaFTW: blitzkrieg style
(04:49 / Allies) FARMER_BOB: get a bunch of zeppelins, fly them around the map, and do a tank drop :P
(05:58 / Allies) FARMER_BOB: guess ill tech chims then
(06:24 / Allies) FARMER_BOB: swastica complete, how does it look <3
(06:36 / Allies) FARMER_BOB: oh no its not
(06:37 / Allies) FARMER_BOB: durp
(06:38 / Allies) KoreaFTW: make another one
(06:43 / Allies) KoreaFTW: yea it's not
(06:44 / Allies) KoreaFTW: lawl
(06:54 / Allies) FARMER_BOB: shit and i walled off too
(06:58 / Allies) KoreaFTW: hahaha
(07:31 / Allies) KoreaFTW: do you like my spelling so far?
(07:42 / Allies) FARMER_BOB: shoulda left a bit more room between the letters
(07:44 / Allies) FARMER_BOB: but yeah looks good
(07:46 / Allies) KoreaFTW: meh
(08:08 / Allies) FARMER_BOB: ok NOW my swastica is complete
(08:11 / Allies) KoreaFTW: nothing will be better than the "FUCK" i spelled with towers way back
(08:11 / Allies) dogbrags: lol red
(08:40 / Allies) FARMER_BOB: i once spelled TEELO on slalom, and had to take 2 screenies to get it all ><
(09:09 / Allies) FARMER_BOB: oh right, forgot that T3 requires an altar, heh
(09:18 / Allies) KoreaFTW: thnx for reminding me
(09:48 / Allies) KoreaFTW: i'm upgrading masonry
(09:50 / Allies) FARMER_BOB: guess I'll take the time to get natures blessing
(09:52 / Allies) FARMER_BOB: yeah
(09:53 / Allies) FARMER_BOB: hah
(10:11 / Allies) FARMER_BOB: lawl ok there goes my evil plan to get chims
(10:15 / Allies) KoreaFTW: fuck
(10:24 / Allies) KoreaFTW: spelling almost complete
(10:44 / Allies) FARMER_BOB: lolol they seriously backed off against 2 armies?
(10:54 / Allies) FARMER_BOB: they must have stabbers or AFKs
(11:18 / Allies) KoreaFTW: done
(11:22 / Allies) FARMER_BOB: Nice job
(11:22 / Allies) FARMER_BOB: heh
(11:33 / Allies) KoreaFTW: filter THAT, blizz
(11:41 / Allies) FARMER_BOB: they dont filter anything in WC3 :P
(11:50 / Allies) KoreaFTW: they do in names
(12:05 / Allies) KoreaFTW: if we win
(12:06 / Allies) FARMER_BOB: lol they do a terrible job, half of my smurfs are blizzard employee names
(12:06 / Allies) KoreaFTW: will be lawl
(12:24 / Allies) FARMER_BOB: LOL frost towers
(12:26 / Allies) KoreaFTW: i think i need more supply
(12:27 / Allies) FARMER_BOB: yellow is noob
(12:32 / Allies) KoreaFTW: yea
(12:47 / Allies) KoreaFTW: making MK
(13:09 / Allies) dogbrags: out
(13:09 / Allies) FARMER_BOB: wow they're so bad lol
(13:18 / Allies) FARMER_BOB: although i dont think ill get chims
(13:20 / Allies) FARMER_BOB: going hippos
(13:23 / Allies) KoreaFTW: yea
(13:25 / Allies) dogbrags: y get hipps
(13:28 / Allies) KoreaFTW: going tanks with barrage
(13:34 / Allies) FARMER_BOB: cause they have a ton of air?
(13:46 / Allies) KoreaFTW: lol...
(14:26 / Allies) FARMER_BOB: send over those tanks, go help him defend
(14:42 / Allies) FARMER_BOB: at his base though, dont engage alone
(14:53 / Allies) KoreaFTW: no shit
(14:57 / Allies) dogbrags: pink go to teal
(14:59 / Allies) FARMER_BOB: oh wtf
(15:01 / Allies) FARMER_BOB: why are those creeps engaging
(15:04 / Allies) FARMER_BOB: they're not supposed to engage air for no reason
(15:33 / Allies) FARMER_BOB: you might want to stop making tauren, lol
(15:39 / Allies) FARMER_BOB: against frosts and hippo riders? Nice plan.
(15:41 / Allies) dogbrags: ghere they come
(17:21 / Allies) KoreaFTW: nice block with beetle u tard
(17:41 / Allies) FARMER_BOB: lawl
(18:22 / Allies) FARMER_BOB: and they're STILL churning out air hah
(19:57 / Allies) KoreaFTW: aboms
(20:26 / Allies) FARMER_BOB: switching chims then
(20:48 / Allies) FARMER_BOB: oh em double you
(21:33 / Allies) FARMER_BOB: turn the web off please
(22:16 / Allies) KoreaFTW: expand
(22:39 / Allies) FARMER_BOB: o noez
(22:41 / Allies) FARMER_BOB: out of goldz
(24:28 / Allies) FARMER_BOB: fiends heh
(24:45 / Allies) FARMER_BOB: omw
(29:27 / Allies) FARMER_BOB: here we go!
(29:59 / Allies) KoreaFTW: lawl
(30:06 / Allies) KoreaFTW: the swastica has been mobilized
(30:11 / Allies) FARMER_BOB: yupyup
(32:34 / Allies) FARMER_BOB: stun kill the archers
(32:38 / Allies) FARMER_BOB: it should one hit kill now
(33:49 / Allies) dogbrags: gg
(33:49 / Allies) FARMER_BOB: hallllllp
(34:44 / All) sIlKworm: gg mates
(34:50 / All) KoreaFTW: we weren't playing for real
(34:53 / All) KoreaFTW: just so you know
(34:54 / All) StayFrossty: lol
(34:55 / All) sIlKworm: same
(34:57 / All) KoreaFTW: i spelled "FUCK" in my base
(34:59 / All) StayFrossty: funny shit
(35:03 / All) FARMER_BOB: i made a swastica in my base
(35:04 / All) evilspitfire: ur cool
(35:15 / All) StayFrossty: that is what losers say "we were really trying"
(35:25 / All) KoreaFTW: check replay
(35:26 / All) KoreaFTW: tryhard
(35:29 / All) FARMER_BOB: go watch the replay then
(35:42 / All) FARMER_BOB: also you might not want to be rude to us, we will backstab you next time we see you
(35:46 / All) StayFrossty: try hard only means we r better than u
(35:47 / All) KoreaFTW: lol
(35:49 / All) KoreaFTW: so true
(35:49 / All) evilspitfire: no need to wast emore of my time
(35:53 / All) KoreaFTW: it's 4s RT kid
(35:55 / All) KoreaFTW: get a clue
(36:07 / All) Ugot2BkidNme: why so bitter
(36:10 / All) KoreaFTW: not bitter at all
(36:13 / All) evilspitfire: he lost
(36:16 / All) Ugot2BkidNme: who says I was really trying?
(36:24 / All) StayFrossty: hahahahahahhaha
(36:25 / All) evilspitfire: who really cares
(36:27 / All) KoreaFTW: you didn't spell "FUCK" with farms in your base
(36:31 / All) KoreaFTW: whereas i did
(36:34 / All) StayFrossty: then y play if u r not going to try
(36:34 / All) evilspitfire: dont care
(36:39 / All) KoreaFTW: because it's fun
(36:56 / All) KoreaFTW: gg
(36:58 / Allies) FARMER_BOB: think they will find it
(36:59 / Allies) FARMER_BOB: lol
(37:00 / Allies) KoreaFTW: lol
(37:00 / All) evilspitfire: ur about out of gold arnt u
(37:01 / All) sIlKworm: yup
(37:03 / Allies) KoreaFTW: yea they will likely
(37:05 / All) StayFrossty: u dont care about winning??? weird
(37:16 / All) KoreaFTW: not in 4s RT
(37:20 / All) KoreaFTW: this is a smurf
(37:43 / All) sIlKworm: sorry kid that doesn't make sense
(37:56 / All) KoreaFTW: maybe according to your lexicon
(38:01 / All) sIlKworm: and yours
(38:01 / Allies) FARMER_BOB: lawl
(38:03 / Allies) FARMER_BOB: they found it
(38:05 / All) KoreaFTW: right
(38:11 / All) KoreaFTW: even though i said it
(38:26 / All) sIlKworm: lotsa people don't know what they're talking about
(38:32 / Allies) FARMER_BOB: another?
(38:33 / All) KoreaFTW: lots of*
(38:34 / All) KoreaFTW: irony
(38:36 / All) sIlKworm: is ok tho
(38:43 / All) sIlKworm: u tried
(38:44 / All) KoreaFTW: dude
(38:46 / All) KoreaFTW: it's 4s RT
(38:51 / All) StayFrossty: u guys got owned on and lost
(38:55 / All) evilspitfire: ur just mad cuz u thought u had this one won
(38:55 / All) sIlKworm: gg mates
(38:57 / All) KoreaFTW: it's lawl
(39:04 / All) KoreaFTW: not at all actually
(39:10 / All) KoreaFTW: i thought we were losing the whole time
(39:14 / All) FARMER_BOB: i never made a hero and didnt make a single unit until 20 minutes into the game
(39:15 / All) KoreaFTW: but nice try on telepathy
(39:16 / All) FARMER_BOB: what took you so long?
(39:18 / All) sIlKworm: *good
(39:19 / All) KoreaFTW: now go play Magic
(39:23 / All) sIlKworm: it's just for fun
(39:33 / All) FARMER_BOB: if you really "pwned us so hard" then why did it take you so long
(39:34 / All) KoreaFTW: now you're getting it
(39:39 / All) KoreaFTW: yea, srsly, lawl
(39:48 / All) KoreaFTW: literally spelling shit in our bases for 20 minutes
(39:57 / All) KoreaFTW: fucking noobs
(40:00 / All) evilspitfire: no one cares
(40:03 / All) KoreaFTW: you do
(40:04 / All) StayFrossty: cause there is four people takes a little longer to win but u guys suck and lost every battle
(40:06 / All) KoreaFTW: you just answered
(40:09 / All) sIlKworm: go cry to momma
(40:10 / All) KoreaFTW: every battle?
(40:11 / All) KoreaFTW: lol
(40:14 / All) KoreaFTW: get good kid
(40:16 / All) sIlKworm: hehee
(40:17 / All) KoreaFTW: then 1v1 me
(40:18 / All) sIlKworm: gg
(40:23 / All) FARMER_BOB: ever battle? How did I lose a battle if I never even made a unit
(40:26 / All) KoreaFTW: i used to beat level 30+ solo players
(40:34 / All) FARMER_BOB: Yellow, 1v1
(40:38 / All) evilspitfire: no u didnt
(40:39 / All) KoreaFTW: hahaha
(40:42 / All) KoreaFTW: yellow is so bad
(40:45 / All) KoreaFTW: frost towers
(40:47 / All) KoreaFTW: like we lawled
(40:49 / All) FARMER_BOB: yeah hah
(40:55 / All) sIlKworm: guess who won?
(40:56 / All) sIlKworm: lol
(40:58 / All) KoreaFTW: it's 4s RT
(41:02 / All) KoreaFTW: put it in your resume, tard
(41:06 / All) sIlKworm: funny kid
(41:06 / All) KoreaFTW: "won 4s RT in wc3"
(41:09 / All) sIlKworm: u tried
(41:10 / All) KoreaFTW: "i can has job?"
(41:15 / All) KoreaFTW: oh wait, u can't
(41:16 / All) sIlKworm: don't be mad, just go play another game
(41:18 / All) sIlKworm: or don't
(41:18 / All) KoreaFTW: cuz ur a retard
(41:22 / All) KoreaFTW: like i said, kid
(41:27 / All) KoreaFTW: level 30+ solo players
(41:30 / All) KoreaFTW: back in the day
(41:31 / All) StayFrossty: u suck
(41:33 / All) evilspitfire: fag
(41:34 / All) sIlKworm: of course!
(41:37 / All) KoreaFTW: when people on here didn't suck
(41:39 / All) KoreaFTW: like you
(41:40 / All) KoreaFTW: lawl
(41:47 / All) FARMER_BOB: OMG PINK HAS OVER 10000 LUMBER WTF NOOOOOOOOOOOOOOOOOOOOOB
(41:50 / All) KoreaFTW: i got replays if u care to see them
(41:50 / All) sIlKworm: funny, coming from n00b
(41:52 / All) KoreaFTW: but i know you don't
(41:54 / All) KoreaFTW: cuz ur dodging
(41:58 / All) evilspitfire: waste my time
(42:02 / All) sIlKworm: get a game show, kid, u gots talent
(42:05 / All) sIlKworm: ... in korea
(42:06 / All) FARMER_BOB: yellow either 1v1 me or stop talking
(42:11 / All) KoreaFTW: literally
(42:14 / All) KoreaFTW: fucking dodging like a pro
(42:15 / All) KoreaFTW: lol
(42:18 / All) evilspitfire: im going fishing im not watching some gay replay
(42:23 / All) KoreaFTW: learn to read btw
(42:24 / All) sIlKworm: u guys blow, u can shut up now
(42:25 / All) KoreaFTW: fishing?
(42:26 / All) KoreaFTW: rofl
(42:28 / All) KoreaFTW: loser
(42:31 / All) evilspitfire: fishing owns fairy
(42:33 / All) KoreaFTW: who the fuck goes fishing?
(42:35 / All) KoreaFTW: it's 2012
(42:37 / All) evilspitfire: men
(42:42 / All) KoreaFTW: right
(42:48 / All) KoreaFTW: fishing is so stupid
(42:49 / All) evilspitfire: bitch boy
(42:49 / All) KoreaFTW: i did it once
(42:51 / All) KoreaFTW: was bored as fuck
(42:53 / All) sIlKworm: we just caught us a couple of whales, methinks
(42:56 / All) evilspitfire: cuz u suck
(43:00 / All) KoreaFTW: lol
(43:06 / All) KoreaFTW: i'm so angry
(43:15 / All) sIlKworm: don't be, it's all in good fun kid
(43:17 / Allies) FARMER_BOB: lol chuck me some gold
(43:20 / Allies) FARMER_BOB: iull make another tree
(43:36 / All) KoreaFTW: not rly
(43:40 / All) KoreaFTW: like if u srsly think ur good
(43:41 / All) sIlKworm: oh!
(43:42 / All) KoreaFTW: i feel sry for u
(43:42 / All) StayFrossty: its just too bad u r not good
(43:47 / All) sIlKworm: :(
(43:53 / All) KoreaFTW: but yea gg
(43:55 / All) KoreaFTW: not rly angry, was trolling
(43:57 / All) sIlKworm: gg mateys
(44:00 / All) evilspitfire: honestly oj was good
(44:09 / All) FARMER_BOB: who was orange
(44:19 / All) evilspitfire: how the fuck would i know
(44:23 / All) sIlKworm: purple i excused you about 10 minutes ago
(44:24 / All) sIlKworm: gg
(44:34 / All) FARMER_BOB: yellow, 1v1?
(44:39 / All) FARMER_BOB: no? Then stop talking.
(44:48 / All) sIlKworm: I would rip yer damn head off, don't be stupid
(44:58 / All) FARMER_BOB: then bring it on. 1v1 me.
(45:00 / All) KoreaFTW: yea
(45:01 / All) KoreaFTW: srsly
(45:02 / All) KoreaFTW: plz
(45:07 / All) KoreaFTW: i wanna lawl at yellow getting stomped
(45:09 / All) sIlKworm: pink, do not talk
(45:10 / All) KoreaFTW: care tho
(45:13 / All) KoreaFTW: he might mass frost towers
(45:23 / Allies) FARMER_BOB: lol tbh I dont even know how to play 1v1
(45:30 / Allies) KoreaFTW: rly?
(45:31 / Allies) KoreaFTW: i do
(45:32 / Allies) KoreaFTW: that's the thing
(45:35 / All) evilspitfire: frost towers own
(45:38 / Allies) KoreaFTW: i wasn't lying about the level 30 solo thing
(45:41 / Allies) FARMER_BOB: only ever played 4v4
(46:03 / All) evilspitfire: bye now
(46:05 / All) KoreaFTW: gg
(46:06 / All) FARMER_BOB: bye
(46:08 / All) sIlKworm: and hide the farm too.. very high level tactic kids
(46:16 / All) sIlKworm: gg
(46:19 / All) KoreaFTW: i didn't actually
(46:20 / All) KoreaFTW: tard
(46:44 / All) KoreaFTW: he hid a tree though
(46:45 / Allies) FARMER_BOB: heh we probably would have won that if the orc had tech switched to bats
(46:48 / All) sIlKworm: wow thx for newsflash!
(47:01 / Allies) KoreaFTW: meh
(47:04 / Allies) KoreaFTW: i don't take 4s RT srsly
(47:07 / Allies) KoreaFTW: it's full of idiots
(47:07 / Allies) FARMER_BOB: neither
(47:17 / Allies) KoreaFTW: as evidenced by these guys
(47:18 / All) evilspitfire: let me geuss in true noob fashion u hid it on our side
(47:19 / Allies) FARMER_BOB: i make lists of anyone who plays too hard against me and backstab them next time i see them
(47:20 / Allies) FARMER_BOB: lolol
(47:34 / All) FARMER_BOB: of course
(47:37 / All) FARMER_BOB: where else
(47:49 / All) evilspitfire: y u still here
(47:53 / All) KoreaFTW: because it's lawl
(47:56 / All) KoreaFTW: i play this game for fun
(47:59 / All) KoreaFTW: unless it's 1v1
(48:06 / All) KoreaFTW: then it's business, lol
(48:11 / Allies) FARMER_BOB: lol made the tree in the same place they already killed it
(48:13 / All) evilspitfire: true shit talkin noob
(48:16 / Allies) FARMER_BOB: so its the absolute last place they will look
(48:17 / Allies) FARMER_BOB: hehe
(48:29 / All) KoreaFTW: gg